 Dungeon Crawl Stone Soup version 0.31-a0-221-gbddc013574 (webtiles) character file.

Game seed: 12381820079791473665

8346 qw the Skirmisher (level 11, -8/71 HPs)
             Began as a Gargoyle Hexslinger on July 4, 2023.
             Was a Priest of Okawaru.
             Mangled by Snorg (12 damage)
             ... on level 10 of the Dungeon.
             The game lasted 00:04:02 (8865 turns).

qw the Skirmisher (Gargoyle Hexslinger)             Turns: 8865, Time: 00:04:03

Health: -8/71      AC: 17    Str: 12    XL:     11   Next: 29%
Magic:  13/14      EV: 16    Int: 14    God:    Okawaru [***...]
Gold:   247        SH:  0    Dex: 16    Spells: 11/12 levels left

rFire   + . .        Y - +8 sling (freeze)
rCold   + + .        (no shield)
rNeg    + . .        k - +3 leather armour of Onwis {rCorr Stlth+}
rPois   inf          g - +0 helmet
rElec   +            m - scarf {rC+ rF+}
rCorr   +            r - +0 pair of gloves
SInv    .            (no boots)
Will    .....        t - amulet of the acrobat
Stlth   ++++         f - ring of protection from cold
HPRegen 0.31/turn    (no ring)
MPRegen 0.14/turn

%: acrobat
@: about to teleport, heroic
A: sickness immunity, AC +8, negative energy resistance 1, electricity
resistance, torment resistance 1, petrification resistance
a: Renounce Religion, Heroism


You were on level 10 of the Dungeon.
You worshipped Okawaru.
Okawaru was most pleased with you.
You visited 2 branches of the dungeon, and saw 11 of its levels.

You collected 751 gold pieces.
You spent 504 gold pieces at shops.


Innate Abilities, Weirdness & Mutations

You are immune to sickness and miasma.
Your stone body is resilient. (AC +8)
You are immune to poison.
You resist negative energy. (rN+)
You are resistant to electric shocks. (rElec)
You are resistant to unholy torment.
You are immune to petrification.


   Skills:
 - Level 9.2(14.2) Fighting
 + Level 13.4(18.4) Ranged Weapons
 - Level 3.2(8.2) Armour
 - Level 4.0(9.0) Dodging
 - Level 1.0 Spellcasting
 - Level 2.6 Hexes
 - Level 4.3 Invocations


You had 11 spell levels left.
You knew the following spells:

 Your Spells              Type           Power      Damage    Failure   Level
a - Slow                  Hex            32%        N/A       11%         1

Your spell library contained the following spells:

 Spells                   Type           Power      Damage    Failure   Level
 Inner Flame              Hex/Fire       4%         N/A       50%         3
 Portal Projectile        Hex/Tloc       8%         N/A       50%         3
 Cause Fear               Hex            4%         N/A       71%         4

Inventory:

Hand Weapons
 Y - a +8 sling of freezing (weapon)
Armour
 g - a +0 helmet (worn)
 k - the +3 leather armour of Onwis (worn) {rCorr Stlth+}
   (You found it on level 5 of the Dungeon)

   rCorr:     It protects you from acid and corrosion.
   Stlth:     It makes you more stealthy.
 l - a +2 robe of resistance
 m - a scarf of resistance (worn)
 n - a +0 cloak
 r - a +0 pair of gloves (worn)
Jewellery
 f - a ring of protection from cold (left hand)
 o - a ring of fire
 t - an amulet of the acrobat (around neck)
Wands
 u - a wand of digging (6)
Scrolls
 b - 3 scrolls of identify
 i - 2 scrolls of teleportation
Potions
 a - 3 potions of heal wounds
 c - a potion of resistance
 d - 2 potions of curing
 e - a potion of cancellation
 h - a potion of might
 j - a potion of haste
 p - a potion of enlightenment

Dungeon Overview and Level Annotations

Branches:
Dungeon (10/15)            Temple (1/1) D:7            Lair (0/5) D:10
    Orc: D:9-12

Altars:
Ashenzari
Cheibriados
Dithmenos
Elyvilon
Fedhas
Gozag
Hepliaklqana
Kikubaaqudgha
Makhleb
Nemelex Xobeh
Okawaru
Qazlal
Ru
Sif Muna
Trog
Uskayaw
Vehumet
Wu Jian
Xom
Yredelemnul
Zin
The Shining One

Shops:
D:7 ?   D:9 *

Annotations:
D:3 1 runed translucent door, Crazy Yiuf
D:7 2 transporters, qw's ghost, novice GrFi
D:10 Snorg


Message History

Snorg barely misses you. Snorg completely misses you.
You shoot a sling bullet.
The sling bullet hits the red ugly thing!
The sling bullet freezes the red ugly thing.
You kill the red ugly thing!
Okawaru is honoured by your kill. Snorg completely misses you.
Snorg claws you but does no damage. x2
The orc knight closely misses you.
You shoot a sling bullet. The sling bullet hits Snorg.
The sling bullet freezes Snorg.
Snorg is lightly wounded.
Snorg closely misses you. Snorg completely misses you. Snorg barely misses you.
You shoot a sling bullet. The sling bullet barely misses Snorg.
The orc knight hits you with a +0 long sword!
Snorg barely misses you. Snorg claws you but does no damage. Snorg claws you.
You shoot a sling bullet. The sling bullet hits Snorg!
The sling bullet freezes Snorg!
Snorg is lightly wounded.
Snorg misses you. Snorg barely misses you. Snorg closely misses you.
The orc knight hits you with a +0 long sword.
You shoot a sling bullet. The sling bullet hits Snorg.
The sling bullet freezes Snorg.
Snorg is moderately wounded.
Snorg closely misses you. Snorg claws you. Snorg barely misses you.
The orc knight completely misses you.
You shoot a sling bullet. The sling bullet hits Snorg!
The sling bullet freezes Snorg.
Snorg is moderately wounded.
Snorg closely misses you. Snorg completely misses you.
Snorg claws you but does no damage.
You shoot a sling bullet. The sling bullet hits Snorg.
The sling bullet freezes Snorg.
Snorg is moderately wounded.
Snorg bites you but does no damage. Snorg closely misses you. Snorg claws you!
The orc knight hits you with a +0 long sword!
8865 ||| READING 3 scrolls of teleportation.
As you read the scroll of teleportation, it crumbles to dust.
You feel strangely unstable. Snorg closely misses you. Snorg claws you!
You die...

##......)......###...### #.. ####
#........#.....#####...###..
...###......#####.....#####..##..
...##.....###>.<###.....####.##..
........### #...#.###.....##.#...
......### #...#...###......#.##
....### #...#.....###......##
..### #..o#.......###....# ###
+..T@........<###.## ..###
#...#.......###...# ....###
#...#.....###.....# ......###
#...#...###....(.#### ........###
#...#.###......<.....
).........###>.<###..........####
..).........#####......#####.####
...)....?.....#............#.##..
.....))...........##.#####......#


You could see Snorg (berserk) and an orc knight.

Vanquished Creatures
  A centaur warrior (D:10)
  A deep elf pyromancer (D:9)
  An ugly thing (D:10)
  A cyclops (D:10)
  An unseen horror (D:10)
  Maggie (D:8)
  A freezing wraith (D:10)
  A tengu conjurer (D:10)
  Grinder (D:3)
  Sigmund (D:3)
  A wyvern (D:10)
  A wraith (D:9)
  5 yaks (D:10)
  2 steam dragons
  2 water moccasins
  2 sky beasts
  2 ice beasts
  3 orc warriors
  A black bear (D:6)
  A centaur (D:9)
  An ogre (D:5)
  A kobold brigand (D:6)
  6 bullfrogs
  3 scorpions
  7 wights (D:7)
  11 killer bees
  3 howler monkeys
  2 jellies
  4 orc priests
  7 hounds
  A gnoll bouda (D:8)
  Ijyb (D:4)
  4 iguanas
  13 orc wizards
  4 gnolls (D:8)
  13 adders
  A shadow imp (D:5)
  5 white imps
  3 ufetubi
  2 worms
  2 dart slugs
  40 orcs
  9 ball pythons
  6 bats
  5 endoplasms
  A giant cockroach (D:2)
  4 goblins
  5 hobgoblins
  3 jackals (D:1)
  8 kobolds
  A quokka (D:4)
  3 frilled lizards
  5 rats (D:2)
214 creatures vanquished.

Vanquished Creatures (others)
  An orc (D:6)
  A quokka (D:6)
2 creatures vanquished.

Grand Total: 216 creatures vanquished

Notes
Turn   | Place    | Note
-------+----------+-------------------------------------------
     0 | D:1      | qw the Gargoyle Hexslinger began the quest for the Orb.
     0 | D:1      | Reached XP level 1. HP: 12/12 MP: 2/2
     0 | D:1      | 0 ||| qw: Version: 0.3-a-40-ge99b1a8
     0 | D:1      | 0 ||| qw: Game counter: 630
     0 | D:1      | 0 ||| qw: Melee chars always use a shield: true
     0 | D:1      | 0 ||| qw: God list: Okawaru
     0 | D:1      | 0 ||| qw: Allow faded altars: false
     0 | D:1      | 0 ||| qw: Do Orc after clearing Dungeon:15 true
     0 | D:1      | 0 ||| qw: Do second Lair branch before Depths: true
     0 | D:1      | 0 ||| qw: Lair rune preference: random
     0 | D:1      | 0 ||| qw: Goals: Normal
     0 | D:1      | 0 ||| PLANNING D:1-11
    94 | D:1      | Reached XP level 2. HP: 16/16 MP: 3/3
   187 | D:1      | Reached skill level 3 in Ranged Weapons
   743 | D:1      | 743 ||| UPGRADING to +0 leather armour.
   753 | D:1      | 753 ||| DROPPING +0 robe.
   754 | D:1      | 754 ||| UPGRADING to +0 ring mail.
   764 | D:1      | 764 ||| DROPPING +0 leather armour.
   765 | D:1      | 765 ||| UPGRADING to +0 helmet.
   770 | D:1      | 770 ||| UPGRADING to ring of protection from cold.
   771 | D:1      | 771 ||| READING scroll labelled KYRADGH POPURIN.
   772 | D:1      | 772 ||| READING scroll labelled OXEYNAAPHAL.
   773 | D:1      | 773 ||| DROPPING scroll of poison.
   793 | D:2      | Reached XP level 3. HP: 21/21 MP: 4/4
   826 | D:2      | 826 ||| READING scroll of enchant weapon.
   826 | D:2      | 826 ||| ENCHANTING +2 sling.
   866 | D:2      | Reached skill level 1 in Armour
   945 | D:2      | Reached XP level 4. HP: 24/26 MP: 5/5
  1278 | D:2      | 1278 ||| DROPPING scarf of shadows.
  1279 | D:2      | 1279 ||| READING scroll labelled NAGOBL SYBBEW.
  1280 | D:2      | 1280 ||| READING scroll labelled FEDODO UCSAXTA.
  1360 | D:3      | 1360 ||| READING scroll of enchant weapon.
  1360 | D:3      | 1360 ||| ENCHANTING +3 sling.
  1392 | D:3      | Reached skill level 4 in Ranged Weapons
  1392 | D:3      | 1392 ||| FLEEEEING.
  1397 | D:3      | 1397 ||| FLEEEEING.
  1398 | D:3      | 1398 ||| FLEEEEING.
  1399 | D:3      | 1399 ||| FLEEEEING.
  1400 | D:3      | 1400 ||| FLEEEEING.
  1562 | D:3      | Noticed Grinder
  1562 | D:3      | Paralysed by Grinder for 4 turns
  1573 | D:3      | 1573 ||| FLEEEEING.
  1574 | D:3      | 1574 ||| FLEEEEING.
  1575 | D:3      | 1575 ||| FLEEEEING.
  1576 | D:3      | 1576 ||| FLEEEEING.
  1577 | D:3      | 1577 ||| FLEEEEING.
  1578 | D:3      | 1578 ||| FLEEEEING.
  1581 | D:3      | 1581 ||| FLEEEEING.
  1585 | D:3      | 1585 ||| FLEEEEING.
  1588 | D:3      | 1588 ||| FLEEEEING.
  1588 | D:3      | Paralysed by Grinder for 4 turns
  1597 | D:3      | HP: 5/26 [Grinder (2)]
  1600 | D:3      | HP: 1/26 [Grinder (2)]
  1608 | D:3      | Killed Grinder
  1609 | D:3      | Reached skill level 6 in Ranged Weapons
  1609 | D:3      | Reached XP level 5. HP: 3/30 MP: 6/6
  1609 | D:3      | Reached XP level 6. HP: 4/35 MP: 7/7
  2043 | D:3      | Found a basalt altar of Yredelemnul.
  2076 | D:3      | Noticed Sigmund
  2087 | D:3      | Killed Sigmund
  2088 | D:3      | Reached XP level 7. HP: 30/43 MP: 8/8
  2409 | D:3      | Found a runed translucent door.
  2410 | D:3      | Noticed Crazy Yiuf
  2600 | D:3      | 2600 ||| UPGRADING to +2 robe of resistance.
  2610 | D:3      | 2610 ||| DROPPING +0 ring mail.
  2611 | D:3      | 2611 ||| READING scroll labelled COS WOFIOTHRIPT.
  2612 | D:3      | 2612 ||| READING scroll labelled POACAGH ZUME.
  2713 | D:3      | 2713 ||| READING scroll labelled ONOBOEWNIB.
  2714 | D:3      | 2714 ||| DRINKING 2 white potions.
  2715 | D:3      | 2715 ||| DRINKING 2 sapphire potions.
  2718 | D:3      | 2718 ||| DRINKING 2 black potions.
  2719 | D:3      | 2719 ||| DRINKING 2 fizzy puce potions.
  2824 | D:3      | 2824 ||| READING 3 scrolls of identify.
  2824 | D:3      | 2824 ||| IDENTIFYING fizzy golden potion
  2825 | D:3      | 2825 ||| READING 2 scrolls of identify.
  2825 | D:3      | 2825 ||| IDENTIFYING glowing white potion
  2826 | D:3      | 2826 ||| DROPPING potion of ambrosia.
  2827 | D:3      | 2827 ||| DROPPING potion of berserk rage.
  2828 | D:3      | 2828 ||| DROPPING potion of invisibility.
  2967 | D:4      | Found a shimmering blue altar of Sif Muna.
  3104 | D:4      | Reached skill level 7 in Ranged Weapons
  3312 | D:4      | Noticed Ijyb
  3316 | D:4      | Killed Ijyb
  3361 | D:4      | 3361 ||| Stepping ~*~*~tactically~*~*~ (outnumbered).
  3381 | D:4      | Reached XP level 8. HP: 35/48 MP: 9/9
  3648 | D:4      | 3648 ||| READING 2 scrolls of identify.
  3648 | D:4      | 3648 ||| IDENTIFYING glowing puce potion
  3661 | D:5      | Entered Level 5 of the Dungeon
  3671 | D:5      | Reached skill level 8 in Ranged Weapons
  3788 | D:5      | 3788 ||| READING 2 scrolls of enchant weapon.
  3788 | D:5      | 3788 ||| ENCHANTING +4 sling.
  3789 | D:5      | 3789 ||| READING scroll of enchant weapon.
  3789 | D:5      | 3789 ||| ENCHANTING +5 sling.
  3990 | D:5      | 3990 ||| FLEEEEING.
  3991 | D:5      | 3991 ||| FLEEEEING.
  4046 | D:5      | Identified the +3 leather armour of Onwis {rCorr Stlth+}
  4146 | D:5      | Reached skill level 9 in Ranged Weapons
  4449 | D:5      | 4449 ||| DROPPING +1 robe of willpower.
  4450 | D:5      | 4450 ||| READING 2 scrolls of identify.
  4450 | D:5      | 4450 ||| IDENTIFYING silvery potion
  4474 | D:6      | 4474 ||| STAIRDANCE
  4480 | D:5      | Reached skill level 6 in Fighting
  4586 | D:6      | 4586 ||| STAIRDANCE
  4632 | D:6      | 4632 ||| STAIRDANCE
  4644 | D:5      | Reached XP level 9. HP: 22/55 MP: 10/10
  4953 | D:6      | Found a white marble altar of Elyvilon.
  4967 | D:6      | Reached skill level 10 in Ranged Weapons
  5014 | D:6      | 5014 ||| READING scroll of enchant weapon.
  5014 | D:6      | 5014 ||| ENCHANTING +6 sling.
  5143 | D:6      | Reached skill level 3 in Dodging
  5250 | D:6      | 5250 ||| READING scroll of enchant weapon.
  5250 | D:6      | 5250 ||| ENCHANTING +7 sling.
  5418 | D:6      | 5418 ||| UPGRADING to scarf of resistance.
  5423 | D:6      | 5423 ||| UPGRADING to +3 leather armour of Onwis {rCorr
                  | Stlth+}.
  5433 | D:6      | 5433 ||| READING 2 scrolls of identify.
  5433 | D:6      | 5433 ||| IDENTIFYING red potion
  5515 | D:7      | Found Ruvaoh's Magic Scroll Boutique.
  5520 | D:7      | 5520 ||| BUYING scroll of brand weapon (104 gold).
  5520 | D:7      | Bought a scroll of brand weapon for 104 gold pieces
  5520 | D:7      | 5520 ||| BUYING scroll of identify (22 gold).
  5520 | D:7      | Bought a scroll of identify for 22 gold pieces
  5520 | D:7      | 5520 ||| READING scroll of brand weapon.
  5520 | D:7      | 5520 ||| BRANDING +8 sling.
  5571 | D:7      | Found a staircase to the Ecumenical Temple.
  5573 | D:7      | 5573 ||| PLANNING TEMPLE
  5573 | D:7      | 5573 ||| READING 3 scrolls of identify.
  5573 | D:7      | 5573 ||| IDENTIFYING metallic purple potion
  5574 | D:7      | 5574 ||| DROPPING potion of brilliance.
  5580 | Temple   | Entered the Ecumenical Temple
  5583 | Temple   | 5583 ||| PLANNING OKAWARU WORSHIP
  5627 | Temple   | Became a worshipper of Warmaster Okawaru
  5628 | Temple   | 5628 ||| PLANNING D:1-11
  5691 | D:7      | Reached skill level 11 in Ranged Weapons
  5697 | D:7      | 5697 ||| FLEEEEING.
  5699 | D:7      | 5699 ||| FLEEEEING.
  5700 | D:7      | 5700 ||| FLEEEEING.
  5701 | D:7      | 5701 ||| FLEEEEING.
  5702 | D:7      | 5702 ||| FLEEEEING.
  5703 | D:7      | 5703 ||| FLEEEEING.
  5704 | D:7      | 5704 ||| FLEEEEING.
  5705 | D:7      | 5705 ||| FLEEEEING.
  5706 | D:7      | 5706 ||| FLEEEEING.
  5707 | D:7      | 5707 ||| FLEEEEING.
  5708 | D:7      | 5708 ||| FLEEEEING.
  5709 | D:7      | 5709 ||| FLEEEEING.
  5710 | D:7      | 5710 ||| FLEEEEING.
  5711 | D:7      | 5711 ||| FLEEEEING.
  5712 | D:7      | 5712 ||| FLEEEEING.
  5713 | D:7      | 5713 ||| FLEEEEING.
  5714 | D:7      | 5714 ||| FLEEEEING.
  5715 | D:7      | 5715 ||| FLEEEEING.
  5716 | D:7      | 5716 ||| FLEEEEING.
  5717 | D:7      | 5717 ||| FLEEEEING.
  5718 | D:7      | 5718 ||| FLEEEEING.
  5719 | D:7      | 5719 ||| FLEEEEING.
  5720 | D:7      | 5720 ||| FLEEEEING.
  5721 | D:7      | 5721 ||| FLEEEEING.
  5722 | D:7      | 5722 ||| FLEEEEING.
  5723 | D:7      | 5723 ||| FLEEEEING.
  5724 | D:7      | 5724 ||| FLEEEEING.
  5725 | D:7      | 5725 ||| FLEEEEING.
  5726 | D:7      | 5726 ||| FLEEEEING.
  5727 | D:7      | 5727 ||| FLEEEEING.
  5728 | D:7      | 5728 ||| FLEEEEING.
  5729 | D:7      | 5729 ||| FLEEEEING.
  5730 | D:7      | 5730 ||| FLEEEEING.
  5731 | D:7      | 5731 ||| FLEEEEING.
  5732 | D:7      | 5732 ||| FLEEEEING.
  5733 | D:7      | 5733 ||| FLEEEEING.
  5734 | D:7      | 5734 ||| FLEEEEING.
  5735 | D:7      | 5735 ||| FLEEEEING.
  5736 | D:7      | 5736 ||| FLEEEEING.
  5737 | D:7      | 5737 ||| FLEEEEING.
  5738 | D:7      | 5738 ||| FLEEEEING.
  5740 | D:7      | 5740 ||| FLEEEEING.
  5741 | D:7      | 5741 ||| FLEEEEING.
  5742 | D:7      | 5742 ||| FLEEEEING.
  5743 | D:7      | 5743 ||| FLEEEEING.
  5744 | D:7      | 5744 ||| FLEEEEING.
  5745 | D:7      | 5745 ||| FLEEEEING.
  5746 | D:7      | 5746 ||| FLEEEEING.
  5747 | D:7      | 5747 ||| FLEEEEING.
  5748 | D:7      | 5748 ||| FLEEEEING.
  5749 | D:7      | 5749 ||| FLEEEEING.
  5750 | D:7      | 5750 ||| FLEEEEING.
  5751 | D:7      | 5751 ||| FLEEEEING.
  5752 | D:7      | 5752 ||| FLEEEEING.
  5753 | D:7      | 5753 ||| FLEEEEING.
  5754 | D:7      | 5754 ||| FLEEEEING.
  5755 | D:7      | 5755 ||| FLEEEEING.
  5756 | D:7      | 5756 ||| FLEEEEING.
  5757 | D:7      | 5757 ||| FLEEEEING.
  5758 | D:7      | 5758 ||| FLEEEEING.
  5759 | D:7      | 5759 ||| FLEEEEING.
  5760 | D:7      | 5760 ||| FLEEEEING.
  5761 | D:7      | 5761 ||| FLEEEEING.
  5762 | D:7      | 5762 ||| FLEEEEING.
  5763 | D:7      | 5763 ||| FLEEEEING.
  5765 | D:7      | 5765 ||| FLEEEEING.
  5766 | D:7      | 5766 ||| FLEEEEING.
  5767 | D:7      | 5767 ||| FLEEEEING.
  5768 | D:7      | 5768 ||| FLEEEEING.
  5769 | D:7      | 5769 ||| FLEEEEING.
  5770 | D:7      | 5770 ||| FLEEEEING.
  5771 | D:7      | 5771 ||| FLEEEEING.
  5772 | D:7      | 5772 ||| FLEEEEING.
  5773 | D:7      | 5773 ||| FLEEEEING.
  5774 | D:7      | 5774 ||| FLEEEEING.
  5775 | D:7      | 5775 ||| FLEEEEING.
  5776 | D:7      | 5776 ||| FLEEEEING.
  5777 | D:7      | 5777 ||| FLEEEEING.
  5778 | D:7      | 5778 ||| FLEEEEING.
  5779 | D:7      | 5779 ||| FLEEEEING.
  5780 | D:7      | 5780 ||| FLEEEEING.
  5781 | D:7      | 5781 ||| FLEEEEING.
  5782 | D:7      | 5782 ||| FLEEEEING.
  5784 | D:7      | 5784 ||| FLEEEEING.
  5785 | D:7      | 5785 ||| FLEEEEING.
  5786 | D:7      | 5786 ||| FLEEEEING.
  5787 | D:7      | 5787 ||| FLEEEEING.
  5788 | D:7      | 5788 ||| STAIRDANCE
  6097 | D:7      | Found a transporter.
  6099 | D:7      | Found a transporter.
  6099 | D:7      | Noticed qw's ghost (novice GrFi)
  6102 | D:7      | Identified the +6 great mace of Zin's Whim {heavy, rElec
                  | Will++ Int-3}
  6102 | D:7      | Noticed a two-headed ogre
  6282 | D:8      | Reached * piety under Okawaru
  6287 | D:8      | Reached XP level 10. HP: 59/64 MP: 11/11
  6288 | D:8      | 6288 ||| STAIRDANCE
  6291 | D:7      | Reached skill level 1 in Invocations
  6295 | D:7      | 6295 ||| INVOKING Heroism.
  6541 | D:8      | 6541 ||| Stepping ~*~*~tactically~*~*~ (outnumbered).
  6550 | D:8      | 6550 ||| DRINKING 2 potions of curing.
  6550 | D:8      | 6550 ||| (to cure confusion)
  6755 | D:8      | 6755 ||| INVOKING Heroism.
  6756 | D:8      | 6756 ||| Stepping ~*~*~tactically~*~*~ (outnumbered).
  6918 | D:8      | Noticed Maggie
  6935 | D:8      | Killed Maggie
  7203 | D:8      | 7203 ||| UPGRADING to +0 pair of gloves.
  7208 | D:8      | 7208 ||| UPGRADING to amulet of the acrobat.
  7213 | D:8      | 7213 ||| DROPPING ring of flight.
  7214 | D:8      | 7214 ||| READING scroll labelled YSE QYHERHU.
  7215 | D:8      | 7215 ||| READING 3 scrolls of identify.
  7215 | D:8      | 7215 ||| IDENTIFYING fizzy black potion
  7367 | D:9      | Found Tus Baag's Gadget Gallery.
  7380 | D:9      | Noticed a deep elf pyromancer
  7383 | D:9      | 7383 ||| INVOKING Heroism.
  7387 | D:9      | Killed a deep elf pyromancer
  7388 | D:9      | Reached skill level 12 in Ranged Weapons
  7388 | D:9      | Reached skill level 3 in Invocations
  7412 | D:9      | 7412 ||| BUYING wand of digging (6) (378 gold).
  7412 | D:9      | Bought a wand of digging (6) for 378 gold pieces
  7800 | D:9      | 7800 ||| READING 2 scrolls labelled TAZOUCK ZUGI.
  7801 | D:9      | 7801 ||| READING scroll labelled LUACOIJ APTAGI.
  7802 | D:9      | 7802 ||| READING scroll labelled YLABI VAYLI.
  7803 | D:9      | 7803 ||| DROPPING scroll of fog.
  7814 | D:10     | Entered Level 10 of the Dungeon
  7814 | D:10     | Noticed a cyclops
  7815 | D:10     | 7815 ||| INVOKING Heroism.
  7821 | D:10     | Killed a cyclops
  7876 | D:10     | Found a staircase to the Lair.
  7896 | D:10     | Reached ** piety under Okawaru
  7926 | D:10     | 7926 ||| INVOKING Heroism.
  7945 | D:10     | Reached skill level 13 in Ranged Weapons
  7953 | D:10     | 7953 ||| INVOKING Heroism.
  8092 | D:10     | Noticed a centaur warrior
  8096 | D:10     | 8096 ||| INVOKING Heroism.
  8100 | D:10     | Killed a centaur warrior
  8101 | D:10     | Reached skill level 9 in Fighting
  8101 | D:10     | Reached XP level 11. HP: 41/71 MP: 11/14
  8313 | D:10     | 8313 ||| Stepping randomly (disturbance).
  8314 | D:10     | 8314 ||| Stepping randomly (disturbance).
  8315 | D:10     | 8315 ||| Stepping randomly (disturbance).
  8325 | D:10     | 8325 ||| Stepping randomly (disturbance).
  8532 | D:10     | Reached *** piety under Okawaru
  8533 | D:10     | Reached skill level 3 in Armour
  8535 | D:10     | 8535 ||| INVOKING Heroism.
  8850 | D:10     | Noticed an orc knight
  8850 | D:10     | Noticed a red ugly thing
  8850 | D:10     | Noticed Snorg
  8851 | D:10     | 8851 ||| INVOKING Heroism.
  8858 | D:10     | Killed a red ugly thing
  8864 | D:10     | HP: 10/71 [Snorg (12)]
  8864 | D:10     | HP: 3/71 [orc knight/+0 long sword (7)]
  8865 | D:10     | 8865 ||| READING 3 scrolls of teleportation.
  8865 | D:10     | Mangled by Snorg

Levels and vault maps discovered:
D:1:      wander_arrival_abandoned_jail, layout_loops_ring
D:2:      layout_rooms
D:3:      layout_loops_ring, yredelemnul_altar_generic, minmay_snake_closets,
          uniq_crazy_yiuf_cottage, uniq_grinder, uniq_sigmund
D:4:      layout_gridville, led_sif_pool, palyth_stone_intersect,
          minmay_misc_feat_tower, minmay_misc_feat_five, uniq_ijyb
D:5:      layout_basic, hangedman_decor_diamond_cutter
D:6:      layout_gridville, elyvilon_altar_4
D:7:      layout_basic, minmay_temple_entry_arrows, serial_shops,
          nicolae_shop_rolling_square, gammafunk_ghost_smash, grunt_decor_cap,
          corexii_item_surrounded_by_moat
D:8:      layout_basic, uniq_maggie
D:9:      layout_small_grid, nicolae_shop_gadgets
D:10:     minmay_diamond_stairs, layout_rooms, uniq_snorg
Temple:   hellmonk_temple_of_storms

Skill      XL: |  1  2  3  4  5  6  7  8  9 10 11 |
---------------+----------------------------------+-----
Ranged Weapons | 3 6 7 9 11 13 | 13.4
Fighting       | 2 4 6 8 9 |  9.2
Armour         | 1 2 3 |  3.2
Dodging        | 2 3 4 |  4.0
Invocations    | 4 |  4.3
Spellcasting   | |  1.0
Hexes          | |  2.6

Action                     |  1- 3 |  4- 6 |  7- 9 | 10-12 || total
---------------------------+-------+-------+-------+-------++-------
   Fire: Sling             |   113 |   105 |   415 |   225 ||   858
 Invoke: Heroism           |       |       |       |     9 ||     9
    Use: Scroll            |     3 |     3 |    14 |     6 ||    26
         Potion            |       |       |     4 |     1 ||     5
 Armour: Robe              |     8 |       |    56 |       ||    64
         Ring mail         |    21 |    25 |     9 |       ||    55
         Leather armour    |       |       |    14 |    94 ||   108
  Dodge: Dodged            |    47 |    23 |    85 |   127 ||   282

Table legend:
 A = Non-vault XP
 B = Vault XP
 C = Vault XP percentage of total XP
 D = Non-vault monster count
 E = Vault monster count
 F = Vault count percentage of total count
                 A         B        C        D         E       F
            +---------+---------+-------+---------+---------+-------
      Total |    8364 |    3559 |  29.8 |     198 |      16 |   7.5
            +---------+---------+-------+---------+---------+-------
        D:1 |      32 |       0 |   0.0 |      17 |       0 |   0.0
        D:2 |      69 |       0 |   0.0 |      19 |       0 |   0.0
        D:3 |     121 |     546 |  81.9 |      20 |       9 |  31.0
        D:4 |     410 |      36 |   8.1 |      21 |       1 |   4.5
        D:5 |    1126 |       0 |   0.0 |      26 |       0 |   0.0
        D:6 |     979 |       0 |   0.0 |      26 |       0 |   0.0
        D:7 |    1302 |       0 |   0.0 |      22 |       0 |   0.0
        D:8 |     585 |     398 |  40.5 |      17 |       1 |   5.6
        D:9 |    1301 |       0 |   0.0 |       6 |       0 |   0.0
       D:10 |    2439 |    2579 |  51.4 |      24 |       5 |  17.2
            +---------+---------+-------+---------+---------+-------
